[ AOE2 MATCH · #477374402 ]
UnrankedTeutons vs Spanish
[ REPLAY ANALYSIS · EXTRACTED FROM THE RECORDED GAME ]
Feudal
10:55
Castle
25:09
Imperial
39:39
| APM avg | 16.8 |
| APM peak | 75 |
| eAPM avg | 14.6 |
| Villagers / military | 82 / 585 |
Focus
⚔️ 63.9% · 🌾 36.1%
Knight ×404 · Spearman ×172 · Trade Cart ×26 · Trebuchet (Packed) ×6 · Mangonel ×2 · Monk ×1
Feudal
14:54
Castle
27:24
Imperial
42:11
| APM avg | 35.2 |
| APM peak | 183 |
| eAPM avg | 33.9 |
| Villagers / military | 103 / 462 |
Focus
⚔️ 6.0% · 🌾 94.0%
Knight ×209 · Spearman ×160 · Scorpion ×48 · Trade Cart ×40 · Conquistador ×27 · Bombard Cannon ×13
Feudal
13:57
Castle
24:27
Imperial
37:14
| APM avg | 15.9 |
| APM peak | 80 |
| eAPM avg | 11.3 |
| Villagers / military | 103 / 387 |
Focus
⚔️ 57.0% · 🌾 43.0%
Spearman ×138 · Hand Cannoneer ×111 · Hussite Wagon ×81 · Bombard Cannon ×46 · Trade Cart ×14 · Monk ×11
Feudal
14:07
Castle
23:18
Imperial
37:53
| APM avg | 6.8 |
| APM peak | 24 |
| eAPM avg | 5.8 |
| Villagers / military | 98 / 311 |
Focus
⚔️ 25.1% · 🌾 74.9%
Knight ×289 · Trade Cart ×38 · Bombard Cannon ×12 · Mangonel ×10
Feudal
16:07
Castle
25:07
Imperial
40:34
| APM avg | 10.7 |
| APM peak | 45 |
| eAPM avg | 8.7 |
| Villagers / military | 103 / 324 |
Focus
⚔️ 47.8% · 🌾 52.2%
Fire Lancer ×131 · Rattan Archer ×98 · Battle Elephant ×78 · Trade Cart ×17 · Bombard Cannon ×10 · Trebuchet (Packed) ×5
Feudal
16:57
Castle
27:04
Imperial
43:03
| APM avg | 11.3 |
| APM peak | 68 |
| eAPM avg | 10.5 |
| Villagers / military | 109 / 894 |
Focus
⚔️ 53.0% · 🌾 47.0%
Scorpion ×226 · Spearman ×205 · Archer ×160 · Battle Elephant ×79 · Ballista Elephant ×75 · Battering Ram ×60
Match map
Initial resources + every placement click. Lines = walls · curves = elevation contours. ◆ gold · ⬟ stone · ● berries · ✦ relic · ◌ wall gap
Your base· ✓ Closed at 25:09 · 24t walls · no gate
Kukki1160's base· ✓ Closed at 27:24 · 43t walls · 1 gate(s)
Kuzmikdepo's base· ✓ Closed at 24:27 · 46t walls · no gate
Andresacg's base· ✓ Closed at 23:18 · 25t walls · 2 gate(s)
mackay86's base· ✓ Closed at 25:07 · 24t walls · no gate
aust6425's base· ✓ Closed at 27:04 · 31t walls · no gate
Smoothed initial terrain · ◌ = detected wall gap · hover for details
Inputs per minute
— AfC11Fan - - Kukki1160
Build order — AfC11Fan
First 150 of 856 actions detected
| 0:03 | Research | Loom |
| 0:04 | Create | Villager (Male) |
| 0:04 | Create | Villager (Male) |
| 0:04 | Create | Villager (Male) |
| 0:05 | Create | Villager (Male) |
| 0:05 | Create | Villager (Male) |
| 0:05 | Create | Villager (Male) |
| 0:10 | Build | House |
| 0:12 | Build | House |
| 2:03 | Create | Villager (Male) |
| 2:03 | Create | Villager (Male) |
| 2:16 | Build | Palisade Wall |
| 2:28 | Create | Villager (Male) |
| 3:02 | Create | Villager (Male) |
| 3:21 | Create | Villager (Male) |
| 3:21 | Create | Villager (Male) |
| 3:44 | Create | Villager (Male) |
| 3:44 | Create | Villager (Male) |
| 4:01 | Build | Outpost |
| 4:06 | Create | Villager (Male) |
| 4:07 | Create | Villager (Male) |
| 4:12 | Build | House |
| 4:15 | Build | House |
| 4:23 | Create | Villager (Male) |
| 4:23 | Create | Villager (Male) |
| 4:54 | Create | Villager (Male) |
| 5:01 | Create | Villager (Male) |
| 5:21 | Create | Villager (Male) |
| 5:22 | Create | Villager (Male) |
| 5:57 | Build | Outpost |
| 6:09 | Build | Lumber Camp |
| 7:01 | Create | Villager (Male) |
| 7:04 | Create | Villager (Male) |
| 7:36 | Build | Mill |
| 8:14 | Build | Outpost |
| 8:45 | Research | Feudal Age |
| 8:51 | Build | Farm |
| 8:58 | Build | Farm |
| 9:05 | Build | Farm |
| 9:11 | Build | Farm |
| 9:16 | Build | Farm |
| 9:22 | Build | Farm |
| 9:26 | Build | Farm |
| 9:50 | Build | Farm |
| 10:26 | Build | Outpost |
| 10:55 | Age | Feudal Age |
| 11:03 | Research | Double-Bit Axe |
| 11:08 | Create | Villager (Male) |
| 11:09 | Create | Villager (Male) |
| 11:09 | Create | Villager (Male) |
| 11:29 | Build | Stone Wall |
| 11:54 | Create | Villager (Male) |
| 11:54 | Create | Villager (Male) |
| 11:54 | Create | Villager (Male) |
| 11:57 | Research | Horse Collar |
| 12:27 | Build | House |
| 12:29 | Build | House |
| 12:32 | Build | House |
| 13:06 | Create | Villager (Male) |
| 13:06 | Create | Villager (Male) |
| 13:18 | Build | Farm |
| 13:42 | Build | Mill |
| 13:55 | Create | Villager (Male) |
| 13:55 | Create | Villager (Male) |
| 14:17 | Build | House |
| 14:20 | Build | House |
| 14:22 | Build | House |
| 14:24 | Build | House |
| 14:34 | Build | House |
| 14:40 | Create | Villager (Male) |
| 14:40 | Create | Villager (Male) |
| 14:50 | Build | Watch Tower |
| 15:24 | Build | Blacksmith |
| 15:28 | Create | Villager (Male) |
| 15:29 | Create | Villager (Male) |
| 15:29 | Create | Villager (Male) |
| 15:55 | Build | Farm |
| 16:20 | Build | Mining Camp |
| 16:26 | Research | Forging |
| 16:26 | Research | Scale Mail Armor |
| 16:27 | Research | Scale Barding Armor |
| 16:35 | Build | House |
| 16:38 | Build | House |
| 16:40 | Build | House |
| 16:44 | Build | House |
| 16:53 | Create | Villager (Male) |
| 16:53 | Create | Villager (Male) |
| 16:53 | Create | Villager (Male) |
| 17:07 | Research | Stone Mining |
| 17:07 | Research | Gold Mining |
| 18:02 | Create | Villager (Male) |
| 18:02 | Create | Villager (Male) |
| 18:03 | Create | Villager (Male) |
| 18:52 | Build | Market |
| 19:01 | Build | Mining Camp |
| 19:09 | Create | Villager (Male) |
| 19:09 | Create | Villager (Male) |
| 20:40 | Build | Farm |
| 20:43 | Build | Farm |
| 20:46 | Create | Villager (Male) |
| 20:46 | Create | Villager (Male) |
| 20:46 | Create | Villager (Male) |
| 20:57 | Build | Mill |
| 21:33 | Build | Barracks |
| 21:49 | Build | Farm |
| 22:06 | Build | Barracks |
| 22:23 | Create | Trade Cart |
| 22:23 | Create | Trade Cart |
| 22:24 | Create | Trade Cart |
| 22:24 | Create | Trade Cart |
| 22:24 | Create | Trade Cart |
| 22:24 | Create | Trade Cart |
| 22:29 | Research | Castle Age |
| 22:36 | Build | Farm |
| 23:10 | Research | Arson |
| 23:16 | Build | Stable |
| 24:10 | Research | Bloodlines |
| 24:46 | Create | Trade Cart |
| 24:47 | Create | Trade Cart |
| 24:47 | Create | Trade Cart |
| 24:47 | Create | Trade Cart |
| 24:47 | Create | Trade Cart |
| 25:07 | Build | Farm |
| 25:09 | Age | Castle Age |
| 25:11 | Build | Farm |
| 25:17 | Create | Villager (Male) |
| 25:17 | Create | Villager (Male) |
| 25:17 | Create | Villager (Male) |
| 25:17 | Create | Villager (Male) |
| 25:17 | Create | Villager (Male) |
| 25:18 | Create | Villager (Male) |
| 25:22 | Research | Heavy Plow |
| 25:31 | Build | Farm |
| 25:35 | Build | Farm |
| 25:51 | Research | Bow Saw |
| 26:01 | Build | Farm |
| 26:24 | Build | Farm |
| 26:30 | Research | Squires |
| 26:31 | Research | Pikeman (upgrade) |
| 26:35 | Research | Iron Casting |
| 26:36 | Research | Chain Mail Armor |
| 27:10 | Research | Chain Barding Armor |
| 27:28 | Build | University |
| 27:32 | Build | Monastery |
| 27:36 | Create | Villager (Male) |
| 27:37 | Create | Villager (Male) |
| 28:01 | Research | Stone Shaft Mining |
| 28:16 | Build | House |
| 28:18 | Build | House |
| 28:20 | Build | House |
Build order — Kukki1160
First 150 of 792 actions detected
| 0:02 | Research | Loom |
| 0:04 | Create | Villager (Male) |
| 0:04 | Create | Villager (Male) |
| 0:04 | Create | Villager (Male) |
| 0:04 | Create | Villager (Male) |
| 0:05 | Create | Villager (Male) |
| 0:10 | Build | House |
| 0:36 | Build | House |
| 0:42 | Build | House |
| 0:44 | Build | House |
| 1:06 | Build | Palisade Wall |
| 1:58 | Create | Villager (Male) |
| 3:12 | Build | Palisade Wall |
| 3:33 | Create | Villager (Male) |
| 3:34 | Create | Villager (Male) |
| 3:34 | Create | Villager (Male) |
| 4:41 | Create | Villager (Male) |
| 4:41 | Create | Villager (Male) |
| 4:41 | Create | Villager (Male) |
| 6:42 | Create | Villager (Male) |
| 7:08 | Create | Villager (Male) |
| 7:32 | Create | Villager (Male) |
| 7:48 | Build | Mill |
| 8:07 | Create | Villager (Male) |
| 8:08 | Create | Villager (Male) |
| 9:07 | Create | Villager (Male) |
| 10:18 | Build | Lumber Camp |
| 11:29 | Create | Villager (Male) |
| 11:29 | Create | Villager (Male) |
| 11:30 | Create | Villager (Male) |
| 12:33 | Research | Feudal Age |
| 14:54 | Age | Feudal Age |
| 15:15 | Build | Stone Wall |
| 15:23 | Build | Gate |
| 15:29 | Research | Wheelbarrow |
| 15:30 | Research | Town Watch |
| 15:34 | Research | Horse Collar |
| 15:37 | Research | Double-Bit Axe |
| 16:04 | Build | Mining Camp |
| 16:26 | Build | House |
| 16:28 | Build | House |
| 16:30 | Build | House |
| 16:32 | Build | House |
| 17:21 | Create | Villager (Male) |
| 17:21 | Create | Villager (Male) |
| 17:21 | Create | Villager (Male) |
| 17:22 | Create | Villager (Male) |
| 17:22 | Create | Villager (Male) |
| 17:58 | Create | Villager (Male) |
| 17:59 | Create | Villager (Male) |
| 18:00 | Create | Villager (Male) |
| 18:12 | Create | Villager (Male) |
| 18:36 | Build | Market |
| 18:51 | Build | Blacksmith |
| 19:06 | Create | Villager (Male) |
| 19:47 | Research | Gold Mining |
| 20:01 | Research | Stone Mining |
| 20:09 | Build | Farm |
| 20:09 | Build | Farm |
| 20:09 | Build | Farm |
| 20:09 | Build | Farm |
| 20:09 | Build | Farm |
| 20:09 | Build | Farm |
| 20:09 | Build | Farm |
| 20:09 | Build | Farm |
| 20:09 | Build | Farm |
| 20:13 | Build | Farm |
| 20:13 | Build | Farm |
| 20:13 | Build | Farm |
| 20:13 | Build | Farm |
| 20:13 | Build | Farm |
| 20:13 | Build | Farm |
| 20:13 | Build | Farm |
| 20:14 | Build | Farm |
| 20:14 | Build | Farm |
| 20:14 | Build | Farm |
| 20:14 | Build | Farm |
| 20:14 | Build | Farm |
| 20:14 | Build | Farm |
| 20:14 | Build | Farm |
| 20:14 | Build | Farm |
| 20:14 | Build | Farm |
| 20:15 | Build | Farm |
| 20:15 | Build | Farm |
| 20:15 | Build | Farm |
| 20:15 | Build | Farm |
| 20:15 | Build | Farm |
| 20:15 | Build | Farm |
| 20:15 | Build | Farm |
| 20:15 | Build | Farm |
| 20:15 | Build | Farm |
| 20:15 | Build | Farm |
| 20:15 | Build | Farm |
| 20:15 | Build | Farm |
| 20:15 | Build | Farm |
| 20:16 | Build | Farm |
| 20:16 | Build | Farm |
| 20:16 | Build | Farm |
| 20:16 | Build | Farm |
| 20:16 | Build | Farm |
| 20:16 | Build | Farm |
| 20:17 | Build | Farm |
| 20:17 | Build | Farm |
| 20:17 | Build | Farm |
| 20:17 | Build | Farm |
| 20:17 | Build | Farm |
| 20:29 | Build | Farm |
| 20:30 | Build | Farm |
| 20:30 | Build | Farm |
| 20:30 | Build | Farm |
| 20:30 | Build | Farm |
| 20:30 | Build | Farm |
| 21:06 | Build | Farm |
| 21:06 | Build | Farm |
| 21:06 | Build | Farm |
| 21:06 | Build | Farm |
| 21:06 | Build | Farm |
| 21:31 | Build | Farm |
| 21:31 | Build | Farm |
| 21:31 | Build | Farm |
| 21:31 | Build | Farm |
| 22:33 | Build | Farm |
| 22:33 | Build | Farm |
| 22:33 | Build | Farm |
| 22:52 | Build | Farm |
| 22:52 | Build | Farm |
| 22:59 | Build | Farm |
| 23:53 | Build | Barracks |
| 24:44 | Research | Castle Age |
| 25:13 | Build | House |
| 25:15 | Build | House |
| 25:18 | Build | House |
| 25:20 | Build | House |
| 27:24 | Age | Castle Age |
| 27:26 | Research | Hand Cart |
| 27:31 | Research | Heavy Plow |
| 27:36 | Research | Bow Saw |
| 27:48 | Build | Town Center |
| 28:28 | Build | Town Center |
| 28:53 | Build | Stone Wall |
| 28:59 | Build | Gate |
| 29:15 | Create | Villager (Male) ×10 |
| 29:24 | Build | University |
| 29:54 | Create | Villager (Male) ×3 |
| 30:29 | Create | Villager (Male) ×2 |
| 30:53 | Build | Farm |
| 30:53 | Build | Farm |
| 30:53 | Build | Farm |
| 30:53 | Build | Farm |
| 30:53 | Build | Farm |
Build order — Kuzmikdepo
First 150 of 709 actions detected
| 0:01 | Create | Villager (Male) |
| 0:03 | Research | Loom |
| 0:04 | Create | Villager (Male) |
| 0:04 | Create | Villager (Male) |
| 0:05 | Create | Villager (Male) |
| 0:05 | Create | Villager (Male) |
| 0:05 | Create | Villager (Male) |
| 0:13 | Build | House |
| 1:44 | Build | Palisade Wall |
| 2:20 | Build | Palisade Wall |
| 4:56 | Build | Palisade Wall |
| 5:17 | Create | Villager (Male) |
| 5:17 | Create | Villager (Male) |
| 5:18 | Create | Villager (Male) |
| 5:18 | Create | Villager (Male) |
| 5:18 | Create | Villager (Male) |
| 5:18 | Create | Villager (Male) |
| 6:14 | Create | Villager (Male) |
| 6:15 | Create | Villager (Male) |
| 6:19 | Build | House |
| 6:20 | Build | House |
| 7:38 | Build | House |
| 7:40 | Build | House |
| 8:07 | Create | Villager (Male) |
| 8:11 | Create | Villager (Male) |
| 9:20 | Create | Villager (Male) |
| 9:20 | Create | Villager (Male) |
| 9:20 | Create | Villager (Male) |
| 9:25 | Create | Villager (Male) |
| 9:25 | Create | Villager (Male) |
| 9:50 | Build | Lumber Camp |
| 10:21 | Build | Mill |
| 11:47 | Research | Feudal Age |
| 12:28 | Create | Villager (Male) |
| 12:28 | Create | Villager (Male) |
| 12:29 | Create | Villager (Male) |
| 13:20 | Create | Villager (Male) |
| 13:57 | Age | Feudal Age |
| 14:00 | Build | Mining Camp |
| 14:04 | Research | Double-Bit Axe |
| 14:27 | Create | Villager (Male) |
| 14:28 | Create | Villager (Male) |
| 14:28 | Create | Villager (Male) |
| 14:28 | Create | Villager (Male) |
| 14:28 | Create | Villager (Male) |
| 14:28 | Create | Villager (Male) |
| 14:49 | Build | Stone Wall |
| 15:12 | Build | Market |
| 15:25 | Build | Farm |
| 15:26 | Build | Farm |
| 15:30 | Build | Farm |
| 15:33 | Build | Farm |
| 15:48 | Build | Blacksmith |
| 16:02 | Research | Horse Collar |
| 16:19 | Build | Stone Wall |
| 16:37 | Build | House |
| 16:40 | Build | House |
| 16:41 | Build | House |
| 16:51 | Build | Farm |
| 17:11 | Create | Trade Cart |
| 17:12 | Create | Trade Cart |
| 17:13 | Create | Trade Cart |
| 18:09 | Build | Farm |
| 18:22 | Create | Villager (Male) |
| 18:22 | Create | Villager (Male) |
| 18:22 | Create | Villager (Male) |
| 18:23 | Create | Villager (Male) |
| 18:23 | Create | Villager (Male) |
| 18:57 | Build | Farm |
| 19:20 | Build | Farm |
| 19:36 | Build | House |
| 19:37 | Build | House |
| 19:38 | Build | House |
| 20:37 | Build | Market |
| 20:45 | Build | Farm |
| 20:46 | Build | Farm |
| 20:48 | Build | Farm |
| 21:17 | Build | Mining Camp |
| 21:47 | Research | Castle Age |
| 21:55 | Create | Trade Cart |
| 21:55 | Create | Trade Cart |
| 22:30 | Build | House |
| 22:54 | Create | Trade Cart |
| 22:56 | Create | Trade Cart |
| 23:30 | Research | Wheelbarrow |
| 24:27 | Age | Castle Age |
| 24:33 | Build | Town Center |
| 24:42 | Create | Villager (Male) |
| 24:42 | Create | Villager (Male) |
| 24:42 | Create | Villager (Male) |
| 24:43 | Create | Villager (Male) |
| 24:43 | Create | Villager (Male) |
| 24:43 | Create | Villager (Male) |
| 24:50 | Build | House |
| 24:51 | Build | House |
| 24:52 | Build | House |
| 24:56 | Build | House |
| 24:58 | Build | House |
| 25:08 | Research | Bow Saw |
| 25:29 | Create | Villager (Male) |
| 25:29 | Create | Villager (Male) |
| 25:30 | Create | Villager (Male) |
| 25:30 | Create | Villager (Male) |
| 25:30 | Create | Villager (Male) |
| 25:30 | Create | Villager (Male) |
| 25:31 | Create | Villager (Male) |
| 25:31 | Create | Villager (Male) |
| 25:31 | Create | Villager (Male) |
| 25:31 | Create | Villager (Male) |
| 25:32 | Create | Villager (Male) |
| 26:02 | Create | Villager (Male) |
| 26:02 | Create | Villager (Male) |
| 26:36 | Research | Caravan |
| 27:04 | Build | Farm |
| 27:06 | Build | Farm |
| 27:07 | Build | Farm |
| 27:20 | Create | Villager (Male) |
| 27:20 | Create | Villager (Male) |
| 27:25 | Create | Villager (Male) |
| 27:26 | Create | Villager (Male) |
| 27:36 | Build | Mill |
| 27:48 | Research | Heavy Plow |
| 28:13 | Build | University |
| 28:20 | Build | Farm |
| 28:23 | Build | Farm |
| 28:29 | Build | Farm |
| 28:42 | Build | Farm |
| 28:50 | Create | Villager (Male) |
| 28:50 | Create | Villager (Male) |
| 28:56 | Create | Villager (Male) |
| 28:57 | Create | Villager (Male) |
| 29:15 | Build | Monastery |
| 29:35 | Research | Hand Cart |
| 29:41 | Build | Farm |
| 29:44 | Create | Villager (Male) |
| 29:44 | Create | Villager (Male) |
| 29:44 | Create | Villager (Male) |
| 29:45 | Create | Villager (Male) |
| 30:20 | Build | Farm |
| 30:24 | Build | Farm |
| 30:27 | Build | Farm |
| 30:30 | Create | Monk |
| 30:52 | Build | Farm |
| 30:56 | Create | Villager (Male) |
| 30:56 | Create | Villager (Male) |
| 31:00 | Create | Villager (Male) |
| 31:01 | Create | Villager (Male) |
| 31:01 | Create | Villager (Male) |
| 31:01 | Create | Villager (Male) |
| 31:01 | Create | Villager (Male) |
Build order — Andresacg
First 150 of 344 actions detected
| 0:08 | Build | Palisade Wall |
| 0:17 | Build | House |
| 0:19 | Build | House |
| 0:22 | Research | Loom |
| 0:23 | Create | Villager (Male) |
| 0:23 | Create | Villager (Male) |
| 0:23 | Create | Villager (Male) |
| 0:23 | Create | Villager (Male) |
| 0:24 | Create | Villager (Male) |
| 1:13 | Build | Palisade Gate |
| 1:19 | Build | Palisade Wall |
| 2:52 | Build | House |
| 2:55 | Build | House |
| 3:05 | Create | Villager (Male) |
| 3:28 | Create | Villager (Male) |
| 3:47 | Create | Villager (Male) |
| 4:18 | Create | Villager (Male) |
| 5:42 | Create | Villager (Male) |
| 5:42 | Create | Villager (Male) |
| 6:25 | Create | Villager (Male) |
| 6:27 | Create | Villager (Male) |
| 6:35 | Build | Lumber Camp |
| 6:55 | Create | Villager (Male) |
| 7:21 | Create | Villager (Male) |
| 8:28 | Create | Villager (Male) |
| 9:07 | Create | Villager (Male) |
| 9:53 | Create | Villager (Male) |
| 10:11 | Build | Mill |
| 10:47 | Create | Villager (Male) |
| 11:57 | Research | Feudal Age |
| 12:26 | Build | Mining Camp |
| 12:31 | Build | Farm |
| 12:34 | Build | Farm |
| 12:43 | Build | Farm |
| 12:46 | Build | Farm |
| 12:49 | Build | Farm |
| 12:51 | Build | Farm |
| 12:57 | Build | Farm |
| 14:02 | Create | Villager (Male) |
| 14:07 | Age | Feudal Age |
| 14:15 | Create | Villager (Male) |
| 14:49 | Create | Villager (Male) |
| 14:50 | Create | Villager (Male) |
| 15:14 | Research | Horse Collar |
| 15:31 | Build | House |
| 15:33 | Build | House |
| 15:39 | Build | Farm |
| 16:59 | Create | Villager (Male) |
| 17:05 | Create | Villager (Male) |
| 17:26 | Build | Stone Wall |
| 17:37 | Build | Gate |
| 17:49 | Build | Blacksmith |
| 18:00 | Build | Market |
| 18:03 | Create | Villager (Male) |
| 18:03 | Create | Villager (Male) |
| 18:55 | Build | Farm |
| 19:00 | Build | Farm |
| 19:12 | Build | House |
| 19:14 | Build | House |
| 19:16 | Build | House |
| 19:18 | Build | House |
| 19:38 | Build | Lumber Camp |
| 20:38 | Research | Castle Age |
| 20:52 | Build | Barracks |
| 21:25 | Create | Villager (Male) |
| 21:30 | Research | Wheelbarrow |
| 21:37 | Research | Double-Bit Axe |
| 23:11 | Build | Mining Camp |
| 23:18 | Age | Castle Age |
| 23:35 | Build | Town Center |
| 24:29 | Create | Villager (Male) |
| 24:29 | Create | Villager (Male) |
| 24:30 | Create | Villager (Male) |
| 24:30 | Create | Villager (Male) |
| 24:31 | Create | Villager (Male) |
| 25:08 | Build | Town Center |
| 25:33 | Build | Farm |
| 25:54 | Build | Farm |
| 26:24 | Build | Farm |
| 26:35 | Create | Villager (Male) |
| 26:59 | Create | Villager (Male) |
| 26:59 | Create | Villager (Male) |
| 27:04 | Create | Villager (Male) |
| 27:05 | Create | Villager (Male) |
| 27:17 | Build | Mining Camp |
| 27:32 | Create | Villager (Male) |
| 27:35 | Create | Villager (Male) |
| 27:37 | Create | Villager (Male) |
| 27:37 | Create | Villager (Male) |
| 27:37 | Create | Villager (Male) |
| 27:37 | Create | Villager (Male) |
| 27:38 | Create | Villager (Male) |
| 27:38 | Create | Villager (Male) |
| 27:39 | Create | Villager (Male) |
| 27:39 | Create | Villager (Male) |
| 28:53 | Create | Villager (Male) |
| 28:53 | Create | Villager (Male) |
| 28:53 | Create | Villager (Male) |
| 28:53 | Create | Villager (Male) |
| 29:05 | Build | Town Center |
| 29:37 | Research | Heavy Plow |
| 29:42 | Research | Bow Saw |
| 30:21 | Create | Villager (Male) |
| 30:21 | Create | Villager (Male) |
| 30:21 | Create | Villager (Male) |
| 30:22 | Create | Villager (Male) |
| 30:22 | Create | Villager (Male) |
| 30:35 | Create | Villager (Male) |
| 30:35 | Create | Villager (Male) |
| 30:35 | Create | Villager (Male) |
| 30:35 | Create | Villager (Male) |
| 30:44 | Build | Market |
| 31:16 | Create | Villager (Male) |
| 31:23 | Create | Villager (Male) |
| 31:23 | Create | Villager (Male) |
| 31:23 | Create | Villager (Male) |
| 31:23 | Create | Villager (Male) |
| 31:23 | Create | Villager (Male) |
| 31:23 | Create | Villager (Male) |
| 31:26 | Create | Villager (Male) |
| 31:26 | Create | Villager (Male) |
| 31:26 | Create | Villager (Male) |
| 31:49 | Build | Siege Workshop |
| 31:52 | Build | Siege Workshop |
| 31:56 | Build | Siege Workshop |
| 32:09 | Build | House |
| 32:13 | Build | House |
| 32:15 | Build | House |
| 32:19 | Build | House |
| 32:22 | Build | House |
| 32:27 | Build | House |
| 33:07 | Build | University |
| 33:41 | Build | Castle |
| 33:53 | Build | Mining Camp |
| 34:01 | Build | Market |
| 34:12 | Build | House |
| 34:15 | Build | House |
| 34:43 | Research | Imperial Age |
| 35:06 | Build | Farm |
| 35:10 | Create | Trade Cart |
| 35:11 | Create | Trade Cart |
| 35:11 | Create | Trade Cart |
| 35:11 | Create | Trade Cart |
| 35:11 | Create | Trade Cart |
| 35:12 | Create | Trade Cart |
| 35:12 | Create | Trade Cart |
| 35:12 | Create | Trade Cart |
| 35:13 | Create | Trade Cart |
| 35:18 | Create | Trade Cart |
| 36:12 | Build | Siege Workshop |
Build order — mackay86
First 150 of 514 actions detected
| 0:16 | Build | House |
| 0:20 | Build | House |
| 0:23 | Build | House |
| 0:27 | Build | House |
| 0:31 | Build | House |
| 0:34 | Build | House |
| 1:03 | Research | Loom |
| 1:04 | Create | Villager (Male) |
| 1:04 | Create | Villager (Male) |
| 1:04 | Create | Villager (Male) |
| 1:04 | Create | Villager (Male) |
| 1:05 | Create | Villager (Male) |
| 1:05 | Create | Villager (Male) |
| 3:30 | Create | Villager (Male) |
| 4:57 | Build | Palisade Wall |
| 5:31 | Create | Villager (Male) |
| 5:31 | Create | Villager (Male) |
| 5:32 | Create | Villager (Male) |
| 5:32 | Create | Villager (Male) |
| 5:32 | Create | Villager (Male) |
| 6:00 | Build | Palisade Wall |
| 6:48 | Create | Villager (Male) |
| 6:48 | Create | Villager (Male) |
| 6:49 | Create | Villager (Male) |
| 6:49 | Create | Villager (Male) |
| 7:09 | Build | Palisade Wall |
| 7:26 | Build | Mill |
| 7:32 | Create | Villager (Male) |
| 7:32 | Create | Villager (Male) |
| 8:57 | Create | Villager (Male) |
| 8:57 | Create | Villager (Male) |
| 8:58 | Create | Villager (Male) |
| 8:58 | Create | Villager (Male) |
| 8:58 | Create | Villager (Male) |
| 8:59 | Create | Villager (Male) |
| 10:08 | Create | Villager (Male) |
| 10:58 | Build | Lumber Camp |
| 12:17 | Create | Villager (Male) |
| 12:17 | Create | Villager (Male) |
| 12:27 | Create | Villager (Male) |
| 12:27 | Create | Villager (Male) |
| 13:38 | Research | Feudal Age |
| 14:02 | Build | Farm |
| 14:06 | Build | Farm |
| 14:10 | Build | Farm |
| 14:16 | Build | Farm |
| 14:21 | Build | Farm |
| 14:26 | Build | Farm |
| 14:33 | Build | Farm |
| 14:37 | Build | Farm |
| 16:07 | Age | Feudal Age |
| 16:10 | Research | Wheelbarrow |
| 16:16 | Research | Horse Collar |
| 16:20 | Research | Double-Bit Axe |
| 16:26 | Create | Villager (Male) |
| 16:26 | Create | Villager (Male) |
| 16:27 | Create | Villager (Male) |
| 16:27 | Create | Villager (Male) |
| 16:27 | Create | Villager (Male) |
| 16:27 | Create | Villager (Male) |
| 16:28 | Create | Villager (Male) |
| 16:28 | Create | Villager (Male) |
| 16:57 | Build | Market |
| 17:08 | Build | Blacksmith |
| 17:23 | Build | Mining Camp |
| 17:43 | Create | Villager (Male) |
| 17:44 | Create | Villager (Male) |
| 17:44 | Create | Villager (Male) |
| 17:44 | Create | Villager (Male) |
| 17:44 | Create | Villager (Male) |
| 17:45 | Create | Villager (Male) |
| 17:45 | Create | Villager (Male) |
| 17:45 | Create | Villager (Male) |
| 17:45 | Create | Villager (Male) |
| 17:53 | Build | Farm |
| 17:58 | Build | Farm |
| 18:02 | Build | Farm |
| 18:06 | Build | Farm |
| 18:13 | Build | Farm |
| 18:59 | Build | House |
| 19:02 | Build | House |
| 19:06 | Build | House |
| 19:10 | Build | House |
| 19:13 | Build | House |
| 19:29 | Research | Gold Mining |
| 20:13 | Research | Stone Mining |
| 21:29 | Build | Farm |
| 21:53 | Build | Farm |
| 22:27 | Research | Castle Age |
| 22:55 | Create | Trade Cart |
| 22:55 | Create | Trade Cart |
| 23:00 | Create | Trade Cart |
| 23:00 | Create | Trade Cart |
| 23:51 | Research | Padded Archer Armor |
| 23:52 | Research | Fletching |
| 23:53 | Research | Forging |
| 23:54 | Research | Scale Barding Armor |
| 25:07 | Age | Castle Age |
| 25:17 | Build | Market |
| 25:30 | Research | Heavy Plow |
| 25:33 | Research | Hand Cart |
| 25:40 | Research | Bow Saw |
| 25:48 | Build | Town Center |
| 26:11 | Create | Villager (Male) |
| 26:12 | Create | Villager (Male) |
| 26:12 | Create | Villager (Male) |
| 26:12 | Create | Villager (Male) |
| 26:12 | Create | Villager (Male) |
| 27:04 | Build | Mining Camp |
| 27:12 | Research | Stone Shaft Mining |
| 27:16 | Create | Villager (Male) |
| 27:16 | Create | Villager (Male) |
| 27:16 | Create | Villager (Male) |
| 27:16 | Create | Villager (Male) |
| 27:17 | Create | Villager (Male) |
| 27:35 | Build | Monastery |
| 27:47 | Research | Bodkin Arrow |
| 28:19 | Create | Monk |
| 28:19 | Create | Monk |
| 28:27 | Build | Farm |
| 28:50 | Create | Villager (Male) |
| 28:50 | Create | Villager (Male) |
| 28:50 | Create | Villager (Male) |
| 28:51 | Create | Villager (Male) |
| 28:52 | Create | Villager (Male) |
| 28:55 | Create | Villager (Male) |
| 29:37 | Create | Trade Cart |
| 29:37 | Create | Trade Cart |
| 29:38 | Create | Trade Cart |
| 29:55 | Research | Town Watch |
| 29:57 | Create | Villager (Male) |
| 29:58 | Create | Villager (Male) |
| 29:58 | Create | Villager (Male) |
| 29:58 | Create | Villager (Male) |
| 29:58 | Create | Villager (Male) |
| 29:59 | Create | Villager (Male) |
| 29:59 | Create | Villager (Male) |
| 29:59 | Create | Villager (Male) |
| 29:59 | Create | Villager (Male) |
| 30:30 | Research | Leather Archer Armor |
| 30:58 | Build | Farm |
| 31:16 | Build | Farm |
| 31:43 | Build | House |
| 31:48 | Build | House |
| 31:54 | Build | House |
| 32:45 | Research | Caravan |
| 33:09 | Build | Farm |
| 33:16 | Build | Farm |
| 33:26 | Research | Chain Barding Armor |
| 33:27 | Research | Iron Casting |
Build order — aust6425
First 150 of 495 actions detected
| 0:39 | Create | Villager (Male) |
| 0:40 | Research | Loom |
| 0:41 | Create | Villager (Male) ×3 |
| 0:41 | Create | Villager (Male) |
| 0:44 | Build | House |
| 0:46 | Build | House |
| 0:56 | Build | Palisade Wall |
| 2:42 | Build | Palisade Wall |
| 4:35 | Build | Lumber Camp |
| 5:13 | Create | Villager (Male) |
| 5:13 | Create | Villager (Male) |
| 5:14 | Create | Villager (Male) |
| 5:14 | Create | Villager (Male) |
| 6:15 | Create | Villager (Male) |
| 6:15 | Create | Villager (Male) |
| 6:16 | Create | Villager (Male) |
| 6:38 | Create | Villager (Male) |
| 7:25 | Build | House |
| 7:26 | Build | House |
| 7:43 | Create | Villager (Male) |
| 8:15 | Create | Villager (Male) |
| 8:16 | Create | Villager (Male) |
| 8:16 | Create | Villager (Male) |
| 8:43 | Build | House |
| 8:44 | Build | House |
| 8:47 | Build | House |
| 8:49 | Build | House |
| 8:51 | Build | House |
| 9:25 | Create | Villager (Male) |
| 9:25 | Create | Villager (Male) |
| 9:26 | Create | Villager (Male) |
| 9:39 | Create | Villager (Male) |
| 9:39 | Create | Villager (Male) |
| 10:51 | Build | House |
| 10:54 | Build | House |
| 10:55 | Build | House |
| 12:26 | Create | Villager (Male) |
| 12:26 | Create | Villager (Male) |
| 12:27 | Create | Villager (Male) |
| 12:32 | Create | Villager (Male) |
| 12:42 | Build | Farm |
| 12:58 | Build | Mining Camp |
| 13:26 | Build | Farm |
| 13:32 | Build | Farm |
| 13:47 | Build | Farm |
| 14:14 | Build | Farm |
| 14:47 | Research | Feudal Age |
| 16:57 | Age | Feudal Age |
| 17:01 | Research | Wheelbarrow |
| 17:08 | Research | Double-Bit Axe |
| 17:37 | Create | Villager (Male) |
| 17:39 | Create | Villager (Male) |
| 17:39 | Create | Villager (Male) |
| 17:41 | Create | Villager (Male) |
| 17:41 | Create | Villager (Male) |
| 17:43 | Create | Villager (Male) |
| 17:43 | Create | Villager (Male) |
| 17:44 | Create | Villager (Male) |
| 17:45 | Create | Villager (Male) |
| 17:46 | Create | Villager (Male) |
| 17:48 | Create | Villager (Male) |
| 17:48 | Create | Villager (Male) |
| 17:48 | Create | Villager (Male) |
| 19:53 | Build | Farm |
| 19:58 | Build | Farm |
| 20:08 | Build | Market |
| 20:14 | Build | Market |
| 20:22 | Build | Blacksmith |
| 20:28 | Build | Mill |
| 20:45 | Create | Villager (Male) |
| 20:46 | Create | Villager (Male) |
| 20:46 | Create | Villager (Male) |
| 20:47 | Create | Villager (Male) |
| 20:55 | Build | Farm |
| 20:59 | Research | Gold Mining |
| 21:03 | Research | Stone Mining |
| 21:17 | Build | Mining Camp |
| 21:34 | Build | Farm |
| 22:04 | Build | Farm |
| 22:06 | Build | Farm |
| 22:41 | Build | House |
| 24:04 | Build | House |
| 24:08 | Build | Farm |
| 24:12 | Build | Farm |
| 24:17 | Build | Farm |
| 24:24 | Research | Castle Age |
| 25:00 | Build | House |
| 25:04 | Build | House |
| 25:11 | Build | House |
| 25:19 | Build | House |
| 25:22 | Build | House |
| 25:25 | Build | House |
| 25:27 | Build | House |
| 25:32 | Build | House |
| 26:01 | Create | Trade Cart |
| 26:01 | Create | Trade Cart |
| 26:04 | Create | Trade Cart |
| 26:04 | Create | Trade Cart |
| 26:20 | Research | Horse Collar |
| 27:04 | Age | Castle Age |
| 27:10 | Build | Town Center |
| 27:24 | Research | Hand Cart |
| 27:34 | Create | Villager (Male) |
| 27:35 | Create | Villager (Male) |
| 27:36 | Create | Villager (Male) |
| 28:13 | Build | Farm |
| 28:20 | Create | Villager (Male) |
| 28:21 | Create | Villager (Male) |
| 28:21 | Create | Villager (Male) |
| 28:21 | Create | Villager (Male) |
| 28:21 | Create | Villager (Male) |
| 28:22 | Create | Villager (Male) |
| 28:22 | Create | Villager (Male) |
| 28:22 | Create | Villager (Male) |
| 28:22 | Create | Villager (Male) |
| 28:23 | Create | Villager (Male) |
| 28:26 | Create | Villager (Male) |
| 28:26 | Create | Villager (Male) |
| 28:26 | Create | Villager (Male) |
| 28:27 | Create | Villager (Male) |
| 28:54 | Build | Stone Wall |
| 29:09 | Build | House |
| 29:11 | Build | House |
| 29:13 | Build | House |
| 29:22 | Build | House |
| 29:24 | Build | House |
| 29:26 | Build | House |
| 29:29 | Build | House |
| 29:31 | Build | House |
| 29:35 | Build | House |
| 29:37 | Build | House |
| 29:50 | Build | Farm |
| 29:55 | Build | Farm |
| 30:09 | Build | Farm |
| 30:16 | Create | Villager (Male) |
| 30:16 | Create | Villager (Male) |
| 30:17 | Create | Villager (Male) |
| 30:17 | Create | Villager (Male) |
| 30:29 | Build | Farm |
| 30:45 | Research | Bow Saw |
| 31:13 | Build | Farm |
| 31:18 | Research | Heavy Plow |
| 31:42 | Create | Villager (Male) |
| 32:00 | Build | Lumber Camp |
| 32:12 | Build | Stone Wall |
| 32:17 | Create | Villager (Male) |
| 32:17 | Create | Villager (Male) |
| 32:17 | Create | Villager (Male) |
| 32:48 | Build | Town Center |
| 32:54 | Build | Farm |
Match timeline
| 0:08 | Andresacg · wall_segment Palisade Wall x11 |
| 0:56 | aust6425 · wall_segment Palisade Wall x17 |
| 1:06 | Kukki1160 · wall_segment Palisade Wall x16 |
| 1:19 | Andresacg · wall_segment Palisade Wall x3 |
| 1:44 | Kuzmikdepo · wall_segment Palisade Wall x10 |
| 2:16 | AfC11Fan · wall_segment Palisade Wall x12 |
| 2:20 | Kuzmikdepo · wall_segment Palisade Wall x10 |
| 2:42 | aust6425 · wall_segment Palisade Wall x14 |
| 3:12 | Kukki1160 · wall_segment Palisade Wall x13 |
| 4:56 | Kuzmikdepo · wall_segment Palisade Wall x8 |
| 4:57 | mackay86 · wall_segment Palisade Wall x12 |
| 6:00 | mackay86 · wall_segment Palisade Wall x11 |
| 7:09 | mackay86 · wall_segment Palisade Wall x9 |
| 10:55 | AfC11Fan · age_up feudal |
| 11:29 | AfC11Fan · wall_segment Stone Wall x12 |
| 13:57 | Kuzmikdepo · age_up feudal |
| 14:07 | Andresacg · age_up feudal |
| 14:49 | Kuzmikdepo · wall_segment Stone Wall x12 |
| 14:54 | Kukki1160 · age_up feudal |
| 15:15 | Kukki1160 · wall_segment Stone Wall x14 |
| 16:07 | mackay86 · age_up feudal |
| 16:19 | Kuzmikdepo · wall_segment Stone Wall x12 |
| 16:57 | aust6425 · age_up feudal |
| 17:26 | Andresacg · wall_segment Stone Wall x12 |
| 20:52 | Andresacg · first_building Barracks |
| 21:33 | AfC11Fan · first_building Barracks |
| 23:16 | AfC11Fan · first_building Stable |
| 23:18 | Andresacg · age_up castle |
| 23:40 | Kuzmikdepo · first_market_buy 100 wood |
| 23:53 | Kukki1160 · first_building Barracks |
| 24:27 | Kuzmikdepo · age_up castle |
| 25:07 | mackay86 · age_up castle |
| 25:09 | AfC11Fan · age_up castle |
| 26:18 | Andresacg · first_market_sell 500 food |
| 27:04 | aust6425 · age_up castle |
| 27:24 | Kukki1160 · age_up castle |
| 27:32 | AfC11Fan · first_building Monastery |
| 27:35 | mackay86 · first_building Monastery |
| 28:53 | Kukki1160 · wall_segment Stone Wall x15 |
| 28:54 | aust6425 · wall_segment Stone Wall x18 |
| 29:15 | Kuzmikdepo · first_building Monastery |
| 31:49 | Andresacg · first_building Siege Workshop |
| 32:12 | aust6425 · wall_segment Stone Wall x14 |
| 33:41 | Andresacg · first_building Castle |
| 33:49 | mackay86 · first_building Castle |
| 34:08 | aust6425 · wall_segment Stone Wall x22 |
| 35:53 | aust6425 · first_building Archery Range |
| 36:02 | AfC11Fan · first_building Castle |
| 36:18 | Kukki1160 · first_building Castle |
| 36:32 | aust6425 · first_building Barracks |
| 37:14 | Kuzmikdepo · age_up imperial |
| 37:46 | Kukki1160 · first_building Siege Workshop |
| 37:52 | Kuzmikdepo · first_building Castle |
| 37:53 | Andresacg · age_up imperial |
| 37:55 | mackay86 · first_building Barracks |
| 38:00 | aust6425 · first_building Monastery |
| 38:58 | mackay86 · first_building Stable |
| 39:30 | mackay86 · first_building Archery Range |
| 39:39 | AfC11Fan · age_up imperial |
| 40:34 | mackay86 · age_up imperial |
| 42:11 | Kukki1160 · age_up imperial |
| 42:14 | aust6425 · first_building Castle |
| 42:21 | Andresacg · first_building Stable |
| 42:24 | Kuzmikdepo · first_building Barracks |
| 43:03 | aust6425 · age_up imperial |
| 44:17 | Kuzmikdepo · first_building Archery Range |
| 44:17 | aust6425 · first_building Siege Workshop |
| 45:13 | Kukki1160 · wall_segment Stone Wall x13 |
| 47:32 | Kuzmikdepo · first_building Siege Workshop |
| 49:20 | aust6425 · first_building Stable |
| 49:21 | AfC11Fan · first_building Siege Workshop |
| 49:31 | Kukki1160 · first_building Stable |
| 50:07 | aust6425 · wall_segment Stone Wall x18 |
| 50:15 | Kuzmikdepo · wall_segment Stone Wall x8 |
| 51:38 | Kuzmikdepo · wall_segment Stone Wall x10 |
| 54:25 | Kuzmikdepo · wall_segment Stone Wall x11 |
| 54:35 | Andresacg · wall_segment Stone Wall x17 |
| 56:23 | Andresacg · wall_segment Stone Wall x2 |
| 56:34 | Kuzmikdepo · wall_segment Stone Wall x12 |
| 58:01 | Kuzmikdepo · wall_segment Stone Wall x10 |
| 61:05 | aust6425 · first_market_sell 500 food |
| 65:42 | aust6425 · wall_segment Stone Wall x23 |
| 67:16 | Andresacg · wall_segment Stone Wall x9 |
| 68:06 | mackay86 · first_building Siege Workshop |
| 68:55 | Kukki1160 · wall_segment Stone Wall x22 |
| 68:58 | Kuzmikdepo · first_market_sell 100 stone |
| 69:21 | aust6425 · wall_segment Stone Wall x24 |
| 71:57 | Kukki1160 · wall_segment Stone Wall x12 |
| 73:39 | Kuzmikdepo · wall_segment Stone Wall x13 |
| 75:22 | Kuzmikdepo · wall_segment Stone Wall x14 |
| 76:45 | mackay86 · first_market_sell 500 wood |
| 76:51 | Kuzmikdepo · wall_segment Stone Wall x10 |
| 77:49 | Kuzmikdepo · wall_segment Stone Wall x10 |
| 77:56 | Kuzmikdepo · wall_segment Stone Wall x9 |
| 88:31 | Kukki1160 · resign |
[ AI ANALYSIS · 1 CREDIT ]
What really happened in this match?
Wolo.gg analyzes every decision: build order, eco, micro, common mistakes by bracket. Personalized analysis on WhatsApp or Discord in 30 seconds.
Civ guide
Teutons
Perfil
Jugador #1436078